 Dungeon Crawl Stone Soup version 0.28-a0-1524-ge72afd5fc6 (webtiles) character file.

Game seed: 17409431959220814917

977 flotson the Chopper (level 7, -2/54 HPs)
             Began as a Demonspawn Gladiator on Jan 18, 2022.
             Was an Initiate of Gozag.
             Succumbed to a gnoll sergeant's poison
             ... on level 4 of the Dungeon.
             The game lasted 00:07:19 (4998 turns).

flotson the Chopper (Demonspawn Gladiator)          Turns: 4998, Time: 00:07:20

Health: -2/54      AC:  6    Str: 17    XL:     7   Next: 95%
Magic:  7/7        EV: 18    Int:  9    God:    Gozag
Gold:   143        SH:  0    Dex: 20    Spells: 6/6 levels left

rFire   + + .      SeeInvis .   f - +0 quarterstaff
rCold   + . .      Faith    .   (shield currently unavailable)
rNeg    . . .      Spirit   .   l - +2 leather armour {rF+}
rPois   .          Reflect  .   c - +0 helmet
rElec   .          Harm     .   h - scarf {rC+ rF+}
rCorr   .          Rampage  .   (no gloves)
Will    .....                   (no boots)
Stlth   +.........              (no amulet)
HPRegen 0.18/turn               i - +4 ring of evasion
MPRegen 0.10/turn               o - +6 ring of dexterity

@: mighty, lethally poisoned (-2 -> -16), gold aura
A: hooves 1, powered by death 1, powered by pain 1
a: Renounce Religion, Potion Petition, Call Merchant, Bribe Branch


You were on level 4 of the Dungeon.
You worshipped Gozag.
Gozag was aware of your devotion.
You visited 2 branches of the dungeon, and saw 6 of its levels.

You collected 232 gold pieces.
You paid 89 gold pieces to Gozag.

Inventory:

Hand Weapons
 a - a +0 war axe
 f - a +0 quarterstaff (weapon)
 A - a +2 falchion of electrocution
 B - a +2 mace of protection
Missiles
 d - a throwing net (quivered)
 n - 3 silver boomerangs
 q - 2 poisoned darts
Armour
 c - a +0 helmet (worn)
 h - a scarf of resistance (worn)
 l - a +2 leather armour of fire resistance (worn)
Jewellery
 i - a +4 ring of evasion (left hand)
 o - a +6 ring of dexterity (right hand)
 u - a ring of willpower
Wands
 e - a wand of paralysis (4)
Scrolls
 g - 3 scrolls of torment {unknown}
 j - 2 scrolls of noise {unknown}
 k - 3 scrolls of identify {unknown}
 p - a scroll of vulnerability {unknown}
 t - 2 scrolls of teleportation {unknown}
 w - 2 scrolls of enchant weapon {unknown}
Potions
 b - 2 potions of heal wounds {unknown}
 m - a potion of might {unknown}
 r - a potion of curing
 s - 2 potions of flight {unknown}
 v - a potion of berserk rage {unknown}
 x - a potion of mutation {unknown}
 y - a potion of haste {unknown}
 z - 2 potions of magic {unknown}


   Skills:
 + Level 4.2 Fighting
 + Level 4.4 Axes
 + Level 3.7 Throwing
 + Level 3.2 Armour
 + Level 4.3 Dodging
 + Level 3.1 Evocations


You had 6 spell levels left.
You didn't know any spells.
Your spell library contained the following spells:

 Spells                   Type           Power      Damage    Failure   Level
 Animate Skeleton         Necr           0%         N/A       43%         1
 Apportation              Tloc           0%         N/A       43%         1
 Pain                     Necr           0%         1d4       43%         1
 Summon Small Mammal      Summ           0%         N/A       43%         1
 Ensorcelled Hibernation  Hex/Ice        0%         N/A       58%         2
 Passwall                 Tmut/Erth      0%         N/A       58%         2
 Conjure Flame            Conj/Fire      0%         6-21      82%         3
 Ignite Poison            Fire/Tmut/Pois 0%         N/A       82%         3
 Swiftness                Air            0%         N/A       82%         3
 Tukima's Dance           Hex            0%         N/A       82%         3
 Vampiric Draining        Necr           0%         2d6       82%         3
 Anguish                  Hex/Necr       0%         N/A       99%         4
 Sticky Flame             Conj/Fire      0%         2d3       99%         4
 Enfeeble                 Hex            0%         N/A       100%        7


Dungeon Overview and Level Annotations

Branches:
Dungeon (5/15)             Temple (1/1) D:5

Altars:
Elyvilon
Gozag
Ru
Yredelemnul

Shops:
D:2 [


Innate Abilities, Weirdness & Mutations

You have large cloven feet.
You regenerate a little health from kills.
You sometimes gain a little power by taking damage.


Message History

The gnoll misses you.
You see here 10 gold pieces.
The gnoll shouts! x2
There is a stone staircase leading up here.
The gnoll barely misses you. The gnoll hits you but does no damage.
The gnoll hits you with a +0 spear.
You hit the gnoll.
The gnoll is lightly wounded.
The gnoll hits you with a +0 spear.
You hit the gnoll. You kick the gnoll.
The gnoll is heavily wounded.
The gnoll hits you with a +0 spear.
You sock the gnoll!
You kill the gnoll!
The gnoll sergeant completely misses you.
The gnoll hits you with a +0 whip.
You sock the gnoll!
The gnoll is severely wounded.
The gnoll sergeant closely misses you. The gnoll hits you but does no damage.
The gnoll sergeant hits you from afar with a +5 spear of venom!
You hit the gnoll.
The gnoll is almost dead.
The gnoll hits you but does no damage.
The gnoll sergeant hits you from afar with a +5 spear of venom!
You are poisoned.
You feel very sick.
The necrophage is distracted by your dazzling golden aura.
The gnoll hits you with a +0 whip.
There is a stone staircase leading up here.
* * * LOW HITPOINT WARNING * * *
You feel very sick.
The gnoll sergeant hits you from afar with a +5 spear of venom!
* * * LOW HITPOINT WARNING * * *
You focus on the pain.
You feel very mighty all of a sudden. The gnoll misses you.
You climb upwards.
You die...
Your body crumbles into a pile of gold.

....................##
..................<..# ####
....................### #..#
.................##...## #...
..................#....# ##...
.................##....### ##....
.............#...###.....# #....#
............###...#...#..###.....
......<.....#...@g...###.....#.#.
.........##.......##.# ###.######
.......^....#.##..##.# ### #
.##.....###.#.###.##.## #########
##..##.######.# #.#...###..#.....
#...#.......#.# #............##..
##..##........# #.....÷.#...####.
##.###........###......###(.#####
...#..................÷..##...###


You could see a gnoll.

Vanquished Creatures
  Sigmund (D:2)
  2 ogres
  A phantom (D:3)
  A bullfrog (D:4)
  A water moccasin skeleton (D:4)
  A howler monkey (D:4)
  2 bullfrog skeletons
  2 iguanas (D:5)
  An orc wizard (D:5)
  A hound zombie (D:5)
  A hound skeleton (D:4)
  6 adders
  9 gnolls
  2 ufetubi
  3 worms
  3 dart slugs
  12 orcs
  5 ball pythons
  3 bats
  9 endoplasms
  3 giant cockroaches
  10 goblins
  7 hobgoblins
  7 jackals
  3 quokkas
  3 frilled lizards
  2 kobolds
  9 rats
110 creatures vanquished.

Vanquished Creatures (others)
  A bat (D:2)
  4 plants (D:3)
5 creatures vanquished.

Grand Total: 115 creatures vanquished

Notes
Turn   | Place    | Note
-------+----------+-------------------------------------------
     0 | D:1      | flotson the Demonspawn Gladiator began the quest for the
                  | Orb.
     0 | D:1      | Reached XP level 1. HP: 16/16 MP: 1/1
   379 | D:1      | Gained mutation: You have large cloven feet. [demonic
                  | ancestry]
   379 | D:1      | Reached XP level 2. HP: 19/22 MP: 2/2
  1305 | D:2      | Reached skill level 1 in Armour
  1305 | D:2      | Reached XP level 3. HP: 11/28 MP: 3/3
  1650 | D:2      | Found Meyroll's Armour Shoppe.
  1776 | D:2      | Gained mutation: You sometimes gain a little power by
                  | taking damage. [demonic ancestry]
  1776 | D:2      | Reached XP level 4. HP: 34/34 MP: 4/4
  2369 | D:2      | Noticed Sigmund
  2378 | D:2      | Killed Sigmund
  2379 | D:2      | Reached skill level 1 in Evocations
  2379 | D:2      | Reached XP level 5. HP: 40/41 MP: 5/5
  2727 | D:3      | Gained mutation: You regenerate a little health from kills.
                  | [demonic ancestry]
  2727 | D:3      | Reached XP level 6. HP: 23/47 MP: 6/6
  4010 | D:3      | Reached XP level 7. HP: 40/52 MP: 7/7
  4506 | D:5      | Entered Level 5 of the Dungeon
  4913 | D:5      | Found a staircase to the Ecumenical Temple.
  4936 | Temple   | Entered the Ecumenical Temple
  4964 | Temple   | Became a worshipper of Gozag Ym Sagoz the Greedy
  4998 | D:4      | Succumbed to a gnoll sergeant's poison

Illustrated notes

Levels and vault maps discovered:
D:1:      dpeg_arrival_round_b, layout_basic, minmay_misc_feat_secret_circle,
          grunt_decor_cap
D:2:      layout_basic, serial_shops, shop,
          nicolae_concentric_dashed_squares_mild, st_stairs_10, minmay_bisected,
          uniq_sigmund
D:3:      layout_basic, minmay_misc_feat_hallway, minmay_fountain_box,
          serial_bayou_pond_c, st_stairs_7, minmay_fractal_squares_diagonal_5
D:4:      layout_cave_pools
D:5:      minmay_diamond_boxcup, layout_rooms, minmay_temple_entry_arrows,
          uniq_pikel
Temple:   regret_index_temple_sphere_string

Skill      XL: |  1  2  3  4  5  6  7 |
---------------+----------------------+-----
Throwing       | 2 3 |  3.7
Axes           | 3 4 |  4.4
Armour         | 1 2 3 |  3.2
Dodging        | 3 4 |  4.3
Fighting       | 3 4 |  4.2
Evocations     | 1 2 3 |  3.1

Action                   |  1- 3 |  4- 6 |  7- 9 || total
-------------------------+-------+-------+-------++-------
Melee: War axe           |    21 |       |       ||    21
       Quarterstaff      |    89 |   126 |    93 ||   308
       Kick              |    15 |    30 |    29 ||    74
Throw: Throwing net      |       |     2 |     1 ||     3
       Boomerang         |       |    14 |    32 ||    46
  Use: Potion            |     2 |       |       ||     2
 Stab: Sleeping          |     1 |     2 |       ||     3
Armor: Leather armour    |    39 |    27 |    22 ||    88
Dodge: Dodged            |   100 |   136 |    74 ||   310

Table legend: (Time is in decaauts)
 A = Elapsed time spent in this place.
 B = Non-inter-level travel time spent in this place.
 C = Inter-level travel time spent in this place.
 D = Time resting spent in this place.
 E = Time spent auto-exploring this place.
 F = Levels seen in this place.
 G = Mean time per level.
                   A        B        C        D        E       F      G
               +--------+--------+--------+--------+--------+-----+--------+
         Total |   5108 |   4929 |    179 |    156 |   3846 |   6 |  851.3 |
       Dungeon |   5070 |   4901 |    169 |    156 |   3825 |   5 | 1014.0 |
        Temple |     38 |     28 |     10 |      0 |     21 |   1 |   38.0 |
               +--------+--------+--------+--------+--------+-----+--------+

Top non-repeatable levels by time:
     D:3: 1642 daAuts
     D:1: 1288 daAuts
     D:2: 1197 daAuts
     D:5: 475 daAuts
     D:4: 466 daAuts
  Temple: 38 daAuts
